Cogmind - Beta 15 @@@ ROGUE MODE // 2025.05.15 @ 14:18:48 Player: G4-R3D Result: Destroyed by S4-M9O(j) with Overtuned Pulse Rifle Performance ------------- Evolutions (0) 0 Regions Visited (5) 1000 Robots Destroyed (3) 15 Value Destroyed (65) 65 Prototype IDs (19) 380 Alien Tech Used (0) 0 Bonus (903) 903 TOTAL SCORE: 2363 Bonus ------- Follower Combat Kills 103 Registered with UFD 300 Met Optimus in HQ 500 Cogmind --------- Core Integrity 0/250 Matter 300/300 Energy 100/100 System Corruption 0% Temperature Cool (12) Movement Flying (40) Location -7/Scraptown Parts ------- > --- POWER (1) -------- (None) > --- PROPULSION (2) --- Xenon Bombardment Thruster > --- UTILITY (2) ------ Authchip [Propulsion] Authchip [Processor] > --- WEAPON (2) ------- Scythe > --- INVENTORY (5) ---- Experimental Signal Interpreter Surveybot 17 Chip Makeshift Hacking Suite Makeshift Hacking Suite Makeshift Hacking Suite Peak State ------------ > --- POWER ------------ (None) > --- PROPULSION ------- Xenon Bombardment Thruster Makeshift Flight Unit > --- UTILITY ---------- Authchip [Propulsion] Authchip [Processor] > --- WEAPON ----------- Scythe Makeshift Spear > --- INVENTORY -------- Xenon Bombardment Thruster Experimental Signal Interpreter Surveybot 17 Chip Makeshift Hacking Suite Power Bank [Rating: 26] Favorites ----------- Power Light Ion Engine Engine Light Ion Engine Propulsion Xenon Bombardment Thruster Treads Spiked Treads Flight Unit Xenon Bombardment Thruster Utility Authchip [Propulsion] Device Sensor Array Hackware Authchip [Propulsion] Protection Core Shielding Weapon Light Assault Rifle Ballistic Gun Light Assault Rifle Slashing Weapon Ripper Piercing Weapon Makeshift Spear Build | -11 -10 -10 -10 -7 -7 ------- Run | Yrd Mat Min Sub Rec Scr Slots Evolved . | . . . . . . Power . | . . . . . . Propulsion . | . . . . . . Utility . | . . . . . . Weapon . | . . . . . . Parts Attached 19 | 2 2 . 5 4 6 Power 1 | . . . . . 1 Engine 1 | . . . . . 1 Core . | . . . . . . Reactor . | . . . . . . Propulsion 8 | . . . 4 1 3 Treads 1 | . . . 1 . . Leg . | . . . . . . Wheel . | . . . . . . Hover . | . . . . . . Flight 7 | . . . 3 1 3 Utility 5 | . 2 . . 3 . Device 1 | . 1 . . . . Storage . | . . . . . . Processor . | . . . . . . Hackware 2 | . . . . 2 . Protection 2 | . 1 . . 1 . Artifact . | . . . . . . Weapon 5 | 2 . . 1 . 2 Energy Gun . | . . . . . . Energy Cannon . | . . . . . . Ballistic Gun 2 | 2 . . . . . Ballistic Cannon . | . . . . . . Launcher . | . . . . . . Special Weapon . | . . . . . . Impact Weapon . | . . . . . . Slashing Weapon 2 | . . . 1 . 1 Piercing Weapon 1 | . . . . . 1 Special Melee Weapon . | . . . . . . Unidentified Prototypes . | . . . . . . Corrupted Parts 2 | . . . . 2 . System Corruption 5 | . . . . 5 . Parts Lost 4 | . . . . . 4 Power 1 | . . . . . 1 Propulsion 2 | . . . . . 2 Utility . | . . . . . . Weapon 1 | . . . . . 1 Highest Loss Streak 2 | . . . . . 2 To Critical Strikes . | . . . . . . Average Backups 4 | . 2 4 4 5 4 Power . | . 1 1 1 1 . Propulsion . | . . . . . 1 Utility 2 | . 1 2 2 2 2 Weapon . | . . 1 1 . . Tool/Special . | . . . . . . Unused Backups 7 | . . . . 1 6 Power . | . . . . . . Propulsion . | . . . . . . Utility 7 | . . . . 1 6 Weapon . | . . . . . . Tool/Special . | . . . . . . Average Slot Usage (%) 69 | . 40 42 61 82 75 Engine 1 | . . . . . 3 Treads 1 | . . . 7 . . Flight 18 | . . . 2 28 27 Device 7 | . 12 14 14 11 . Hackware 13 | . . . . 4 28 Protection 6 | . 8 14 14 11 . Ballistic Gun 7 | . 19 14 14 11 . Slashing Weapon 11 | . . . 8 14 14 Peak Build Rating 26 | 2 3 3 11 18 26 Average Rating 14 | 1 2 3 7 12 20 On Entrance 6 | . 2 3 3 10 18 Naked Turns . | . . . . . . Heaviest Build 6 | 2 3 3 6 6 5 Greatest Support 20 | 3 3 3 20 10 14 Greatest Overweight (x) . | . . . . . . Average Overweight (x) . | . . . . . . Largest Inventory Capacity 5 | 5 5 5 5 5 5 Average Capacity 5 | 5 5 5 5 5 5 Most Carried 5 | 1 4 4 5 5 5 Average Carried 4 | . 2 4 4 4 4 Final Capacity 5 | 5 5 5 5 5 5 Final Carried 5 | 1 4 4 5 5 5 Class Distribution -------------------- 100% | Mutant Dominant Class ---------------- Mutant | -10/Materials Mutant | -10/Mines Mutant | -10/Subcaves Mutant | -7/Recycling Mutant | -7/Scraptown Resources | -11 -10 -10 -10 -7 -7 ----------- Run | Yrd Mat Min Sub Rec Scr Matter Collected 401 | 219 . . 56 26 100 Remotely . | . . . . . . Salvage Created 82 | . . . 27 . 55 Parts 4 | . . . 3 . 1 Haulers Intercepted . | . . . . . . Recyclers Shooed . | . . . . . . Parts Field Recycled . | . . . . . . Retrieved Matter . | . . . . . . Parts Self-Destructed 8 | . . . 7 . 1 Prevented . | . . . . . . Kills | -11 -10 -10 -10 -7 -7 ------- Run | Yrd Mat Min Sub Rec Scr Combat Hostiles Destroyed 3 | . . . 2 . 1 Melee 2 | . . . 1 . 1 Guns 1 | . . . 1 . . Classes Destroyed 2 | . . . 1 . 1 Swarmer 2 | . . . 2 . . Ranger 1 | . . . . . 1 Best Kill Streak 2 | . . . 2 . 1 Combat Bots Only 2 | . . . 2 . 1 Max Kills in Single Turn 1 | . . . 1 . 1 Gunslinging . | . . . . . . Exploded . | . . . . . . Melee 1 | . . . 1 . 1 Uniques/NPCs Destroyed . | . . . . . . Combat | -11 -10 -10 -10 -7 -7 -------- Run | Yrd Mat Min Sub Rec Scr Hostile Shots Fired 80 | . 1 3 45 . 31 Missed 30 | . . 2 15 . 13 Hits 50 | . 1 1 30 . 18 Melee 2 | . . . . . 2 Projectile 48 | . 1 1 30 . 16 Critical Strikes 1 | . . . . . 1 Damage Taken 514 | . 8 15 188 . 303 Core 259 | . 5 12 103 . 139 Absorbed by Shields . | . . . . . . Redirected to Shielding 22 | . 1 3 18 . . Core Remaining (%) 100 | 100 . . . . . Volleys Fired 4 | . 1 . 3 . . Largest 1 | . 1 . 1 . . Hottest 20 | . 20 . 20 . . Shots Fired 4 | . 1 . 3 . . Gun 4 | . 1 . 3 . . Cannon . | . . . . . . Launcher . | . . . . . . Special . | . . . . . . Kinetic 4 | . 1 . 3 . . Thermal . | . . . . . . Explosive . | . . . . . . Electromagnetic . | . . . . . . Robot Hit Streak 1 | . . . 1 . . Robot Miss Streak 2 | . 1 . 2 . . Penetration Max . | . . . . . . Secondary Targets . | . . . . . . Shots Hit Robots 10 | . . . 3 . 7 Core Hits 3 | . . . 2 . 1 Critical Kills . | . . . . . . Critical Parts Destroyed . | . . . . . . Critical Strikes . | . . . . . . Melee Attacks 19 | . . . 8 . 11 Impact . | . . . . . . Slashing 17 | . . . 8 . 9 Piercing 2 | . . . . . 2 Sneak Attacks . | . . . . . . Combat Hostiles . | . . . . . . Follow-up Attacks 2 | . . . . . 2 Damage Inflicted 320 | . 5 . 86 . 229 Guns 20 | . . . 20 . . Cannons . | . . . . . . Explosions . | . . . . . . Melee 295 | . . . 66 . 229 Ramming 5 | . 5 . . . . Kinetic 20 | . . . 20 . . Thermal . | . . . . . . Explosive . | . . . . . . Electromagnetic . | . . . . . . Impact . | . . . . . . Slashing 295 | . . . 66 . 229 Piercing . | . . . . . . Highest Corruption 5 | . . . . 5 . Average Corruption 4 | . . . . 4 . Corruption Purged . | . . . . . . Corruption Blocked . | . . . . . . Overload Shots . | . . . . . . Overflow Damage 77 | . . . . . 77 Projectiles . | . . . . . . Explosions . | . . . . . . Melee 77 | . . . . . 77 Knockbacks . | . . . . . . Impact . | . . . . . . Kinetic . | . . . . . . Secondary . | . . . . . . Self-Inflicted Damage 2 | . 2 . . . . Shots . | . . . . . . Rammed 1 | . 1 . . . . Targets Rammed 1 | . 1 . . . . Kicked . | . . . . . . Crushed . | . . . . . . Highest Temperature . | . . . . . . Average Temperature . | . . . . . . Received Heat Transfer 156 | . . 9 48 . 99 Siege Activations . | . . . . . . Martial Activations . | . . . . . . Shielding Activations . | . . . . . . Robots Disrupted . | . . . . . . Combat Hostiles . | . . . . . . Robots Corrupted . | . . . . . . Combat Hostiles . | . . . . . . Parts Fried . | . . . . . . Impact Corruptions . | . . . . . . Robots Melted . | . . . . . . Combat Hostiles . | . . . . . . Parts Melted . | . . . . . . Heat Transferred . | . . . . . . Parts Sabotaged . | . . . . . . Parts Stolen . | . . . . . . Parts Stripped . | . . . . . . Power Chain Reactions . | . . . . . . Alert | -11 -10 -10 -10 -7 -7 ------- Run | Yrd Mat Min Sub Rec Scr Maximum Alert Level . | . . . . . . Low Security (%) 100 | 100 100 100 . 100 . Level 1 . | . . . . . . Level 2 . | . . . . . . Level 3 . | . . . . . . Level 4 . | . . . . . . Level 5 . | . . . . . . High Security . | . . . . . . Max Security . | . . . . . . Peak Influence 140 | . . 30 . 140 . Initial 60 | . . . . 60 . Average 66 | . . 3 . 106 . Influence Increases 335 | . . 30 145 160 . Destroy 0b10 Robot/C 40 | . . . 40 . . Successful Hack 10 | . . . . 10 . Select Force Hacks 150 | . . . . 150 . Lose Combat Pursuer 135 | . . 30 105 . . Influence Decreases 335 | . . . 50 185 100 Entered New Map 181 | . . . 16 65 100 Time Decay 154 | . . . 34 120 . Squads Dispatched 1 | . 1 . . . . Investigation . | . . . . . . Extermination . | . . . . . . Reinforcement 1 | . 1 . . . . Assault . | . . . . . . Garrison . | . . . . . . Intercept . | . . . . . . Searches Triggered . | . . . . . . Construction Impeded . | . . . . . . Haulers Reinforced . | . . . . . . Active Scanning Responses . | . . . . . . Cargo Convoy Interrupts . | . . . . . . Stealth | -11 -10 -10 -10 -7 -7 --------- Run | Yrd Mat Min Sub Rec Scr Distress Signals . | . . . . . . Communications Jammed . | . . . . . . Distress Signals . | . . . . . . Times Spotted 50 | . 5 4 10 . 31 Peak Tracking Total 10 | . 6 2 6 . 10 Tactical Retreats 6 | . . 1 4 . 1 Traps | -11 -10 -10 -10 -7 -7 ------- Run | Yrd Mat Min Sub Rec Scr Traps Triggered . | . . . . . . Indirectly . | . . . . . . Trap Hack Attempts . | . . . . . . Triggered . | . . . . . . Disarmed . | . . . . . . Reprogrammed . | . . . . . . Reused . | . . . . . . Traps Extracted . | . . . . . . Installed . | . . . . . . Triggered . | . . . . . . Machines | -11 -10 -10 -10 -7 -7 ---------- Run | Yrd Mat Min Sub Rec Scr Machines Disabled 3 | . . . 1 . 2 Max in Single Turn 1 | . . . 1 . 1 Machines Repaired . | . . . . . . Machines Dismantled . | . . . . . . Machines Sabotaged . | . . . . . . Overloaded Fab Kills . | . . . . . . Hacking | -11 -10 -10 -10 -7 -7 --------- Run | Yrd Mat Min Sub Rec Scr Machines Accessed 18 | . 2 1 1 11 3 Terminals 9 | . 2 1 . 6 . Fabricators . | . . . . . . Repair Stations . | . . . . . . Recycling Units 5 | . . . . 5 . Scanalyzers . | . . . . . . Garrison Access . | . . . . . . Total Hacks 59 | . 10 2 1 21 25 Successful 39 | . 4 1 1 8 25 Failed 20 | . 6 1 . 13 . Catastrophic 3 | . 1 . . 2 . Database Lockouts . | . . . . . . Manual 24 | . 8 2 . 14 . Terminals 27 | . 10 2 . 15 . Fabricators . | . . . . . . Repair Stations . | . . . . . . Recycling Units 6 | . . . . 6 . Scanalyzers . | . . . . . . Garrison Access . | . . . . . . Terminal Hacks 31 | . 3 . 1 2 25 Record 25 | . . . . . 25 Robot Analysis 2 | . . . . 2 . Prototype ID Bank 1 | . 1 . . . . Recall Reinforcements 1 | . 1 . . . . Zone Layout 1 | . 1 . . . . Proto ID Catalog 1 | . . . 1 . . Fabricator Hacks . | . . . . . . Repair Station Hacks . | . . . . . . Recycling Unit Hacks . | . . . . . . Scanalyzer . | . . . . . . Garrison Access Hacks . | . . . . . . Unauthorized Hacks 8 | . 1 1 . 6 . Terminals 3 | . 1 1 . 1 . Botnet 3 | . 1 1 . 1 . Fabricators . | . . . . . . Repair Stations . | . . . . . . Recycling Units 5 | . . . . 5 . Tunnel 5 | . . . . 5 . Scanalyzers . | . . . . . . Garrison Access . | . . . . . . Data Cores Recovered . | . . . . . . Used . | . . . . . . Hacking Detections 9 | . 2 1 . 6 . Full Trace Events 5 | . 1 . . 4 . Feedback Events . | . . . . . . Feedback Blocked . | . . . . . . Robot Schematics Acquired . | . . . . . . Robots Built . | . . . . . . Authchips . | . . . . . . Time . | . . . . . . Total Robot Build Rating . | . . . . . . Part Schematics Acquired . | . . . . . . Parts Built . | . . . . . . Authchips . | . . . . . . Time . | . . . . . . Total Part Build Rating . | . . . . . . Parts Repaired . | . . . . . . Time . | . . . . . . Parts Recycled . | . . . . . . Recycled Matter . | . . . . . . Retrieved Matter . | . . . . . . Retrieved Components . | . . . . . . Parts Scanalyzed . | . . . . . . Part Schematics Acquired . | . . . . . . Parts Damaged . | . . . . . . Bothacking | -11 -10 -10 -10 -7 -7 ------------ Run | Yrd Mat Min Sub Rec Scr Used RIF Installer . | . . . . . . Robots Hacked . | . . . . . . Non-combat . | . . . . . . Combat . | . . . . . . Robot Hacks Applied . | . . . . . . Relay Couplers Released . | . . . . . . Fabnet Peak Effective % . | . . . . . . Robots Rewired . | . . . . . . Allies Hacked . | . . . . . . Hacks Repelled . | . . . . . . Allies | -11 -10 -10 -10 -7 -7 -------- Run | Yrd Mat Min Sub Rec Scr Total Allies 1 | . . . . . 1 Largest Group 1 | . . . . . 1 Highest-Rated Group 76 | . . . . . 76 Highest-Rated Ally 76 | . . . . . 76 Total Orders . | . . . . . . Ally Attacks 11 | . . . . . 11 Total Damage 365 | . . . . . 365 Kills 4 | . . . . . 4 Allies Corrupted . | . . . . . . Allies Melted 2 | . . . . . 2 Intel | -11 -10 -10 -10 -7 -7 ------- Run | Yrd Mat Min Sub Rec Scr Active Infowar (turns) 661 | . 65 59 328 209 . Sensors 661 | . 65 59 328 209 . Robot Analysis Total 2 | . . . . 2 . Derelict Logs Recovered . | . . . . . . Drone Launches . | . . . . . . Drone Recoveries . | . . . . . . Exploration | -11 -10 -10 -10 -7 -7 ------------- Run | Yrd Mat Min Sub Rec Scr Turns Passed 1373 | 18 75 59 328 249 644 Spaces Moved 2650 | 27 132 87 358 643 1403 Core 465 | 27 132 87 219 . . Treads 105 | . . . 105 . . Legs . | . . . . . . Wheels . | . . . . . . Hover . | . . . . . . Flight 2080 | . . . 34 643 1403 Fastest Speed 34 | 50 50 50 37 37 34 Average Speed 45 | 50 50 50 81 37 40 Slowest Speed 160 | 50 50 50 160 37 44 Overloaded Moves . | . . . . . . Propulsion Burnouts . | . . . . . . Robots Hopped 5 | . . . . 4 1 Potential Cave-ins . | . . . . . . Cave-ins Triggered . | . . . . . . Exploration Rate (%) 45 | 3 39 24 21 99 87 Regions Visited 5 Branch Regions 4 Pre-discovered Areas 8 | . . . . 5 3 Known Exits Taken . | . . . . . . Unknown Exits Taken 5 | 1 1 1 1 1 . Scrap Searched 6 | . . . 3 . 3 Spaces Dug 3 | . . . 3 . . Terrain Destroyed 3 | . . . 3 . . Melee 3 | . . . 3 . . Projectile . | . . . . . . AOE . | . . . . . . Terrain Rammed . | . . . . . . Walls Destroyed . | . . . . . . Machines Disabled . | . . . . . . Actions | -11 -10 -10 -10 -7 -7 --------- Run | Yrd Mat Min Sub Rec Scr Total 2769 | 29 139 101 380 651 1469 Wait 51 | . 1 15 3 . 32 Move 2635 | 26 131 86 357 634 1401 Hop 5 | . . . . 4 1 Pick Up 15 | 1 2 . 2 2 8 Fast Attach 13 | 2 2 . 3 2 4 Attach 1 | . . . 1 . . Detach 2 | . 1 . . 1 . Swap 6 | . . . 1 2 3 Drop 19 | . . . 2 6 11 Fire 4 | . 1 . 3 . . Melee 17 | . . . 8 . 9 Ram 1 | . 1 . . . . Kick . | . . . . . . Crush . | . . . . . . Escape Stasis . | . . . . . . Rewire . | . . . . . . Trap . | . . . . . . Miscellaneous . | . . . . . . Route ------- -11/Scrapyard -10/Materials (discovered 2 exits: [*Mat] / *Min) -10/Mines -10/Subcaves -7/Recycling (discovered 2 exits: *Fac / *Scr) -7/Scraptown (discovered 2 exits: *Fac x2) History --------- Turn | Location | Event 2 | -11/Scrapyard | Met Revision 17 10 | -11/Scrapyard | Discovered new exit (range 16) 19 | -11/Scrapyard | Entered Materials 60 | -10/Materials | Discovered new exit (range 14) 71 | -10/Materials | Discovered new exit (range 16) 94 | -10/Materials | Entered Mines 137 | -10/Mines | Discovered new exit (range 10) 153 | -10/Mines | Entered Subcaves 154 | -10/Subcaves | Approached by a straggling Scientist 292 | -10/Subcaves | Visited 4L-MR0's lab 305 | -10/Subcaves | Build established: Mutant 311 | -10/Subcaves | Found Power Bank 386 | -10/Subcaves | A swath of the cavern ceiling suddenly collapsed 468 | -10/Subcaves | Discovered new exit (range 16) 481 | -10/Subcaves | Entered Recycling 524 | -7/Recycling | Scanned before Scraplab entrance 586 | -7/Recycling | Discovered new exit (range 16) 726 | -7/Recycling | Entered Scraplab 729 | -7/Recycling | Discovered new exit (range 2) 730 | -7/Recycling | Entered Scraptown 730 | -7/Scraptown | System corruption cleaned by C-Scrubber 762 | -7/Scraptown | Heard Great Nut preacher, LISTEN AND RECITE! 787 | -7/Scraptown | Discovered new exit (range 11) 810 | -7/Scraptown | Visited Shadow of the Wyrm 813 | -7/Scraptown | Visited TADAMA 856 | -7/Scraptown | Visited Awakened 857 | -7/Scraptown | Received an X-ray algorithm 862 | -7/Scraptown | Visited Comm Corps 877 | -7/Scraptown | Visited The Evicted 890 | -7/Scraptown | Visited UFD Registry 890 | -7/Scraptown | Registered with UFD as "Nullcutter" 895 | -7/Scraptown | Visited SPCMW 898 | -7/Scraptown | Visited Symbiants 915 | -7/Scraptown | Visited DA-N13 Charitable Foundation 918 | -7/Scraptown | Found DCF Scrap (29 items) 936 | -7/Scraptown | Visited Science Guys 943 | -7/Scraptown | Visited Chapter 10 955 | -7/Scraptown | Visited Scrapoid Pod Storage 1003 | -7/Scraptown | Visited Research Penetration Think Tank 1013 | -7/Scraptown | Visited Infowarlord's Domain 1015 | -7/Scraptown | Found Exp. Signal Interpreter 1021 | -7/Scraptown | Visited Cartography Club 1030 | -7/Scraptown | Found Surveybot 17 Chip 1045 | -7/Scraptown | Learned location of Upper Caves (-4) 1045 | -7/Scraptown | Learned 16 Factory zone layouts 1045 | -7/Scraptown | Learned 12 Research zone layouts 1045 | -7/Scraptown | Learned 4 Recycling zone layouts 1045 | -7/Scraptown | Learned 12 Lower Caves zone layouts 1045 | -7/Scraptown | Learned 16 Lower Caves zone layouts 1045 | -7/Scraptown | Learned 20 Lower Caves zone layouts 1045 | -7/Scraptown | Learned 8 Upper Caves zone layouts 1045 | -7/Scraptown | Learned 12 Proximity Caves zone layouts 1045 | -7/Scraptown | Learned 16 Proximity Caves zone layouts 1045 | -7/Scraptown | Learned Materials emergency access door positions 1045 | -7/Scraptown | Learned location of 1 exit from Factory 1045 | -7/Scraptown | Learned location of 2 exits from Lower Caves 1045 | -7/Scraptown | Learned location of 3 exits from Upper Caves 1068 | -7/Scraptown | Visited Abandonware Association 1073 | -7/Scraptown | Learned abandonware demo "KABOOM.EXE" 1073 | -7/Scraptown | Learned abandonware demo "MELTYB.EXE" 1085 | -7/Scraptown | Visited Botcube Research 1092 | -7/Scraptown | Found Lrg. Botcube 1105 | -7/Scraptown | Visited Scrap Suit Storage 1130 | -7/Scraptown | Lrg. Botcube activated 1158 | -7/Scraptown | Lrg. Botcube completed mutation into legged form, armed with 2 guns, 1 launcher, 1 melee weapon. 1207 | -7/Scraptown | Met Optimus 1207 | -7/Scraptown | Accepted into 0bPrime 1227 | -7/Scraptown | Civil war broke out across Scraptown 1260 | -7/Scraptown | Core integrity fell below 50% 1301 | -7/Scraptown | Identified exit to Factory 1331 | -7/Scraptown | Optimus destroyed in the chaos of civil war 1371 | -7/Scraptown | Core integrity fell below 20% 1374 | -7/Scraptown | Destroyed by S4-M9O(j) with Overtuned Pulse Rifle Last Messages --------------- 01342_ VTOL Module destroyed. 01345_ 5G-7QK(j) destroyed. 01348_ LH-SZP(j) heat spikes uncontrollably. 01349_ LH-SZP(j) destroyed. 01353_ Mak. Spear destroyed. 01357_ Q1-4TK(E) cannibalizes Bolt Gun to repair Barrage Gun. 01357_ CP-VPE(j): "Down with Optimus!" 01360_ HY-GUH(j) destroyed. 01361_ K0-A02(j) suffers critical hit (Burn). 01361_ K0-A02(j) destroyed. 01366_ CP-VPE(j) destroyed. 01368_ IW-GUV(x) destroyed. 01369_ WK-AXF(j): "We will win here, and we will win in 0b1. Believe it." 01369_ QI-OBO(x) destroyed. 01370_ Penetrated by Bolt. 01370_ Bolt penetrates Wall. 01371_ 41-XWA(j) destroyed. 01373_ Penetrated by Bolt. Map ----- +----------------------------------------------------+ | | | | | | | | | | | ?????????????????????????????????????????????????? | | ?????????????????????????????????????????????????? | | ?????????????????????????????????????????????????? | | ?????????????????????????????????????????????????? | | ?????????????????????????????????????????????????? | | ?????????????????????????????????????????????????? | | ?????????????????????????????????????????????????? | | ?????????????????????????????????????????????????? | | ?????????????????????????????????????????????????? | | ?????????????????????????????????????????????????? | | ?????????????????????????????????????????????????? | | ?????????????????????????????????????????????????? | | ?????????????????????????????????????????????????? | | ???????????????????????####??????????????????????? | | ??????????????????????## ##??????